AoeStats
← Random

Nomad

505134544Analyzed
4v4 RM · 25d ago on Sep 8, 2026· 48m 1s· 8 players
Game mode
Random Map
Map size
231×231
Population
200
Speed
Normal
Resources
Standard
Victory
Conquest
Starting age
Dark Age
Ending age
Imperial Age
RankedLock teamsTeams togetherTeam positionsShared explorationLock speedFull tech treeHidden civsTurbo modeCheats
Victory
Defeat
🇩🇪 Tatars · Germany
1660
+15
🇺🇸 Gurjaras · United States
1648
+15
🇺🇸 Malay · United States
1607
+17
🇺🇸 Portuguese · United States
1600
+17
🇹🇼 Spanish · Taiwan
1829
-23
🇨🇳 Goths · China
1632
-16
🇨🇳 Bengalis · China
1568
-14
🇲🇽 Byzantines · Mexico
1496
-11
NomadorNothing
4:49 Loom
4:57 Loom
13:05 Feudal Age
14:02 Town Watch
17:19 Castle Age
16:06 Forging
18:10 Bloodlines
17:23 Light Cavalry
18:08 Horse Collar
19:40 Double-Bit Axe
28:20 Bow Saw
33:46 Wheelbarrow
Hyperion
4:24 Loom
29:05 Feudal Age
30:07 Double-Bit Axe
30:13 Gold Mining
30:04 Horse Collar
30:32 Town Watch
33:27 Castle Age
31:21 Stone Mining
35:21 Scale Barding Armor
35:27 Forging
36:28 Bow Saw
37:20 Heavy Plow
39:33 Wheelbarrow
43:42 Imperial Age
43:39 Circumnavigation
44:21 Stone Shaft Mining
44:26 Hand Cart
45:28 Arquebus
45:48 Conscription
47:33 Chemistry
46:45 Fortified Wall
46:41 Capped Ram
Random
10:11 Loom
12:16 Feudal Age
12:18 Double-Bit Axe
14:01 Wheelbarrow
17:01 Forging
23:29 Town Watch
26:25 Castle Age
24:40 Horse Collar
25:35 Scale Barding Armor
26:10 Scale Barding Armor
26:32 Light Cavalry
30:54 Pikeman
31:56 Bow Saw
31:47 Heavy Plow
33:41 Hand Cart
36:45 Iron Casting
43:38 Imperial Age
41:34 Squires
40:55 Man-at-Arms
41:20 Arson
41:27 Gold Mining
42:17 Long Swordsman
43:29 Conscription
44:12 Blast Furnace
43:06 Two-Handed Swordsman
44:14 Forced Levy
Willox
4:41 Loom
14:30 Feudal Age
18:16 Castle Age
16:25 Double-Bit Axe
19:13 Medium Warships
19:43 Bow Saw
23:13 Horse Collar
26:15 Heavy Plow
26:29 Scale Barding Armor
28:00 Gold Mining
30:22 Wheelbarrow
32:50 Chain Barding Armor
33:05 Husbandry
33:49 Forging
36:58 Imperial Age
35:54 Iron Casting
35:33 Bloodlines
36:11 Fletching
38:03 Conscription
38:33 Plate Barding Armor
37:25 Elite Keshik
38:38 Ballistics
39:19 Chemistry
40:28 Blast Furnace
42:34 Bodkin Arrow
42:40 Padded Archer Armor
44:23 Silk Armor
45:15 Timurid Siegecraft
45:18 Masonry
47:40 Hand Cart
47:11 Town Watch
47:53 Bracer
48:09 Leather Archer Armor
47:27 Light Cavalry
UrielFlocru
5:01 Loom
13:37 Feudal Age
14:26 Double-Bit Axe
22:05 Castle Age
20:03 Gold Mining
20:24 Fletching
23:04 Medium Warships
27:52 Scale Barding Armor
28:08 Forging
30:34 Iron Casting
30:59 Horse Collar
33:57 Chain Barding Armor
35:52 Wheelbarrow
39:34 Imperial Age
36:37 Light Cavalry
36:50 Light Cavalry
40:25 Heavy Camel Rider
42:51 Plate Barding Armor
45:54 Hussar
六六六
5:50 Loom
13:11 Feudal Age
13:53 Double-Bit Axe
15:48 Fishing Lines
19:08 Fletching
22:24 Castle Age
23:00 Gillnets
23:22 Medium Warships
26:06 Bow Saw
26:12 Horse Collar
27:19 Wheelbarrow
27:01 Gold Mining
27:02 Stone Mining
27:39 Scale Mail Armor
27:49 Forging
29:31 Squires
31:27 Hand Cart
35:50 Imperial Age
32:58 Pikeman
34:15 Chain Mail Armor
34:36 Iron Casting
34:59 Iron Casting
34:52 Anarchy
36:17 Elite Huskarl
38:05 Perfusion
38:26 Conscription
37:30 Halberdier
40:36 Blast Furnace
41:38 Capped Ram
44:00 Coinage
44:48 Man-at-Arms
45:43 Long Swordsman
46:10 Two-Handed Swordsman
46:55 Champion
小白
5:01 Loom
13:39 Feudal Age
18:46 Double-Bit Axe
34:20 Wheelbarrow
44:01 Castle Age
45:25 Bow Saw
[LuB]a61
11:19 Loom
14:12 Feudal Age
17:43 Castle Age
19:06 Medium Warships
24:41 Horse Collar
25:44 Sanctity
25:17 Double-Bit Axe
35:41 Bow Saw
Connection lost

Rejoining the realm…

Still unreachable

The connection could not be restored.

Session expired

The server has moved on; the page needs a fresh start.